 Dungeon Crawl Stone Soup version 0.15.1-3-g1b33baa (webtiles) character file.

10084 Dustman the Fighter (level 11, -2/91 HPs)
             Began as a Demonspawn Enchanter on Oct 8, 2014.
             Was a Believer of Dithmenos.
             Slain by a yak (10 damage)
             ... on Level 1 of the Lair of Beasts.
             The game lasted 01:38:21 (12591 turns).

Dustman the Fighter (Demonspawn Enchanter)         Turns: 12591, Time: 01:38:21

HP  -2/91        AC  8     Str 10      XL: 11   Next: 31%
MP  25/25        EV 12     Int 17      God: Dithmenos [**....]
Gold 378         SH  5     Dex 13      Spells:  1 memorised, 19 levels left

rFire  . . .     SeeInvis .     r - +2 dagger (elec)
rCold  + . .     Clarity  .     p - +1 robe {MR+}
rNeg   . . .     rCorr    .     y - +0 buckler
rPois  .         rRot     .     f - +1 helmet
rElec  .         Spirit   .     (no cloak)
SustAb .         Warding  .     t - +0 pair of gloves
rMut   .         Stasis   .     (no boots)
Gourm  .                        (no amulet)
MR     ++...                    v - ring of protection from cold
                                i - +2 ring of protection

@: wreathed by umbra, very resistant to hostile enchantments, extremely stealthy
A: hooves 1, blink 1, dopey 1, magic resistance 1, nightstalker 3
a: Blink, Shadow Step, Renounce Religion


You were on level 1 of the Lair of Beasts.
You worshipped Dithmenos.
Dithmenos was pleased with you.
You were hungry.

You visited 3 branches of the dungeon, and saw 12 of its levels.

You collected 691 gold pieces.
You spent 313 gold pieces at shops.

Inventory:

Hand weapons
 j - a +5 dagger of speed
 r - a +2 dagger of electrocution (weapon)
 s - a +2 falchion of electrocution
 u - a +2 great sword
Armour
 f - a +1 helmet (worn)
 p - a +1 robe of magic resistance (worn)
 t - a +0 pair of gloves (worn)
 y - a +0 buckler (worn)
Magical devices
 x - a wand of teleportation (3)
Comestibles
 d - 7 bread rations
 k - 7 meat rations
 z - 5 beef jerkies
 A - a royal jelly
Scrolls
 b - a scroll of brand weapon
 g - 2 scrolls of remove curse
 h - a scroll of silence {unknown}
 l - a scroll of amnesia
 n - a scroll of teleportation
Jewellery
 i - a +2 ring of protection (left hand)
 o - an uncursed ring of sustain abilities
 v - a ring of protection from cold (right hand)
Potions
 e - 2 potions of curing
 m - 2 potions of magic
 q - 2 potions of restore abilities
 w - a potion of agility
 D - 2 potions of flight
Books
 c - a book of Maledictions

   Spells                             Type                      Level
   Corona                             Hexes                        1
   Sure Blade                         Hexes/Charms                 2
   Ensorcelled Hibernation            Hexes/Ice                    2
   *Confuse                           Hexes                        3
   Dazzling Spray                     Conjuration/Hexes            3
   Enslavement                        Hexes                        4
Rods
 a - a +0 rod of inaccuracy (13/13)
   (You found it on level 1 of the Lair of Beasts)


   Skills:
 - Level 10.2 Fighting
 + Level 9.6(9.7) Short Blades
 + Level 0.6(6.1) Long Blades
 - Level 1.7 Dodging
 - Level 6.0 Stealth
 + Level 4.1 Shields
 - Level 6.0 Spellcasting
 + Level 5.0 Hexes


You had 19 spell levels left.
You knew the following spells:

 Your Spells              Type           Power        Failure   Level  Hunger
b - Confuse               Hex            ###.....     6%          3    ##.....


Dungeon Overview and Level Annotations

Branches:
Dungeon (10/15)            Temple (1/1) D:7             Orc (0/4) D:10
   Lair (1/8) D:8

Altars:
Ashenzari
Cheibriados
Dithmenos
Elyvilon
Fedhas
Kikubaaqudgha
Makhleb
Nemelex Xobeh
Okawaru
Qazlal
Sif Muna
Trog
Vehumet
Xom
Yredelemnul
Zin
The Shining One

Shops:
D:4 *[%!   D:8 **   D:9 =

Annotations:
D:4 Thrillho's ghost, average OpBe
Abyss:1 Grinder


Innate Abilities, Weirdness & Mutations

You have large cloven feet.
You are completely attuned to the shadows.
You can translocate small distances at will.
You are dopey. (Int -2)
You are resistant to hostile enchantments.


Message History

The yak is almost dead.
You hit the yak.
The yak is almost dead.
The yak closely misses you. The yak gores you. The yak gores you.
You hit the yak.
There is a sudden explosion of sparks!
You kill the yak!
Dithmenos accepts your kill.
Your Hexes skill increases to level 5!
You hit the yak.
There is a sudden explosion of sparks!
You kick the yak, but do no damage.
The yak is moderately wounded.
The yak gores you!
* * * LOW HITPOINT WARNING * * *
The yak gores you!
* * * LOW HITPOINT WARNING * * *
The yak gores you!
* * * LOW HITPOINT WARNING * * *
Drink which item? (? for menu, Esc to quit)
You feel better. The yak gores you!
You die...

..... ..........
..................... .
....................... .
.............?.........
###
#.....................
#.###....(.........%.....
..(.............S......).
...............YYY......
#######.####%###@#######
### ### ###


You could see 3 yaks and an adder.

Vanquished Creatures
  The ghost of ThorGoll the Frost Mage, an experienced HuIE of Vehumet (D:9)
  A hill giant (D:10)
  A cyclops (D:10)
  A gargoyle (D:10)
  A komodo dragon (D:8)
  A troll (D:9)
  5 blink frogs (Lair:1)
  A wraith (D:10)
  3 yaks (Lair:1)
  2 hungry ghosts (D:8)
  3 water moccasins (Lair:1)
  7 orc warriors
  An ice beast (D:7)
  A porcupine (Lair:1)
  A swamp drake (D:8)
  2 black bears (D:9)
  2 crocodiles
  10 centaurs
  4 ogres
  Sigmund (D:3)
  Duvessa (D:7)
  7 giant frogs
  A big kobold (D:8)
  A komodo dragon zombie (D:10)
  5 scorpions
  3 killer bees (D:10)
  A yak zombie (D:8)
  4 wights (D:10)
  A yellow wasp zombie (D:9)
  Dowan (D:7)
  2 centaur zombies
  2 hounds
  2 jellies
  4 crimson imps
  8 orc priests
  A centaur skeleton (D:5)
  An iron imp (D:6)
  9 iguanas
  5 worker ants
  Natasha (twice) (D:6)
  6 orc wizards
  Jessica (D:3)
  3 sheep (D:10)
  2 sky beast zombies
  A big kobold skeleton (D:8)
  A mummy (D:9)
  2 orc zombies
  5 shadow imps
  8 adders
  2 giant mites
  6 giant geckos
  35 orcs
  3 ball pythons
  14 bats
  A giant cockroach (D:1)
  10 goblins
  15 hobgoblins
  A jackal (D:5)
  15 kobolds
  2 quokkas (D:4)
  15 giant newts
  2 giant spores
  2 quokka skeletons (D:8)
  A quokka zombie (D:9)
  18 rats
  4 ballistomycetes
285 creatures vanquished.

Vanquished Creatures (others)
  An ogre (D:5)
  2 centaurs
  A crimson imp (D:6)
  An orc wizard (D:3)
  A worker ant (D:5)
  A mummy (D:6)
  A worker ant zombie (D:5)
  An orc (D:3)
  A bat zombie (D:6)
  2 goblins
  A jackal (D:5)
  A kobold (D:5)
14 creatures vanquished.

Grand Total: 299 creatures vanquished

Notes
Turn   | Place    | Note
--------------------------------------------------------------
     0 | D:1      | Dustman, the Demonspawn Enchanter, began the quest for the Orb.
     0 | D:1      | Reached XP level 1. HP: 13/13 MP: 3/3
    33 | D:1      | Reached skill level 1 in Short Blades
   386 | D:1      | Reached skill level 1 in Fighting
   413 | D:1      | Gained mutation: You are slightly more attuned to the shadows. [demonic ancestry]
   413 | D:1      | Reached XP level 2. HP: 21/21 MP: 4/4
  1122 | D:2      | Reached XP level 3. HP: 20/27 MP: 6/6
  1130 | D:2      | Found a deep blue altar of Sif Muna.
  1131 | D:2      | Found a radiant altar of Vehumet.
  1391 | D:2      | Found a sparkling altar of Nemelex Xobeh.
  1410 | D:2      | Found a glowing golden altar of the Shining One.
  1543 | D:2      | Found a snail-covered altar of Cheibriados.
  1646 | D:3      | Noticed Jessica
  1661 | D:3      | Killed Jessica
  1684 | D:3      | Noticed Grinder
  1868 | D:3      | Reached XP level 4. HP: 31/34 MP: 7/7
  1973 | D:3      | Paralysed by Grinder for 3 turns
  1980 | D:3      | Banished Grinder
  1980 | D:3      | Reached skill level 4 in Fighting
  1980 | D:3      | Reached XP level 5. HP: 20/42 MP: 9/9
  2130 | D:3      | Noticed Sigmund
  2153 | D:3      | Killed Sigmund
  2153 | D:3      | Reached XP level 6. HP: 43/48 MP: 10/10
  2156 | D:3      | Noticed a centaur
  2162 | D:3      | Banished a centaur
  2852 | D:4      | Found Qayqap's General Store.
  2857 | D:4      | Found Qotoucs' Antique Armour Emporium.
  2878 | D:4      | Bought a potion of haste for 98 gold pieces
  3063 | D:4      | Found Frowed's Food Shop.
  3074 | D:4      | Found Zucaum's Distillery.
  3091 | D:4      | Bought a potion of heal wounds for 30 gold pieces
  3091 | D:4      | Bought 2 potions of might for 50 gold pieces
  3228 | D:4      | Reached skill level 5 in Fighting
  3232 | D:4      | Noticed Thrillho's ghost (average OpBe)
  3429 | D:5      | Entered Level 5 of the Dungeon
  3670 | D:5      | Reached XP level 7. HP: 31/56 MP: 12/12
  3882 | D:5      | Reached skill level 5 in Short Blades
  4107 | D:5      | Reached skill level 6 in Fighting
  4515 | D:5      | Gained mutation: You have large cloven feet. [demonic ancestry]
  4515 | D:5      | Reached XP level 8. HP: 56/65 MP: 13/13
  4602 | D:6      | Noticed Natasha
  4605 | D:6      | Killed Natasha
  5046 | D:6      | Noticed Natasha
  5053 | D:6      | Killed Natasha
  5104 | D:6      | Reached skill level 7 in Fighting
  5821 | D:7      | Noticed Duvessa
  5822 | D:7      | Found a staircase to the Ecumenical Temple.
  5822 | D:7      | Noticed Dowan
  5838 | Temple   | Entered the Ecumenical Temple
  6005 | Temple   | Learned a level 3 spell: Confuse
  6020 | D:7      | Killed Duvessa
  6024 | D:7      | Killed Dowan
  6257 | D:7      | Reached skill level 8 in Fighting
  6304 | D:7      | Gained mutation: You are significantly more attuned to the shadows. [demonic ancestry]
  6304 | D:7      | Reached XP level 9. HP: 34/74 MP: 14/14
  6697 | D:7      | Found a glowing silver altar of Zin.
  6908 | D:8      | Found Uplasoal's Assorted Antiques.
  6914 | D:8      | Bought a wavering pewter amulet for 135 gold pieces
  6916 | D:8      | Identified the amulet of Dekoinei {Inacc Dex-3 Int+4} (You bought it in a shop on level 8 of the Dungeon)
  6927 | D:8      | Found Brouleum's General Store.
  7320 | D:8      | Noticed a komodo dragon
  7335 | D:8      | Killed a komodo dragon
  7337 | D:8      | Reached skill level 9 in Fighting
  7351 | D:8      | Found a staircase to the Lair.
  7785 | D:8      | Found a bloodstained altar of Trog.
  7787 | D:8      | Found a shimmering altar of Xom.
  8001 | D:9      | Found Ungek's Jewellery Boutique.
  8675 | D:9      | Reached XP level 10. HP: 74/83 MP: 21/21
  8838 | D:9      | Reached skill level 5 in Stealth
  8854 | D:9      | Found a shadowy altar of Dithmenos.
  8873 | D:9      | Became a worshipper of Dithmenos the Shadowed
  9222 | D:9      | Noticed ThorGoll's ghost (experienced HuIE)
  9234 | D:9      | Killed ThorGoll's ghost
  9500 | D:10     | Entered Level 10 of the Dungeon
  9769 | D:10     | Noticed a hill giant
  9803 | D:10     | Killed a hill giant
  9803 | D:10     | Reached skill level 1 in Shields
  9803 | D:10     | Reached skill level 5 in Spellcasting
 10275 | D:9      | Gained mutation: You can translocate small distances at will. [potion of mutation]
 10275 | D:9      | Gained mutation: You are resistant to hostile enchantments. [potion of mutation]
 10275 | D:9      | Gained mutation: You are dopey. (Int -2) [potion of mutation]
 10604 | D:10     | Noticed a cyclops
 10635 | D:10     | Killed a cyclops
 10635 | D:10     | Reached skill level 10 in Fighting
 11231 | D:10     | Gained mutation: You are completely attuned to the shadows. [demonic ancestry]
 11231 | D:10     | Reached XP level 11. HP: 59/91 MP: 7/24
 11410 | D:10     | Found a staircase to the Orcish Mines.
 11738 | Lair:1   | Entered Level 1 of the Lair of Beasts
 11900 | Lair:1   | Identified a +0 rod of inaccuracy (13/13) (You found it on level 1 of the Lair of Beasts)
 12582 | Lair:1   | Acquired Dithmenos' first power
 12589 | Lair:1   | Reached skill level 5 in Hexes
 12590 | Lair:1   | HP: 1/91 [yak (12)]
 12591 | Lair:1   | Slain by a yak

Action                   |  1- 3 |  4- 6 |  7- 9 | 10-12 || total
-------------------------+-------+-------+-------+-------++-------
Melee: Dagger            |   111 |    98 |   615 |   474 ||  1298
 Cast: Corona            |     1 |     1 |       |       ||     2
       Confuse           |       |       |       |    27 ||    27
Evoke: Wand              |       |       |    16 |     7 ||    23
  Use: Potion            |     2 |     5 |     7 |     5 ||    19
       Scroll            |     4 |     6 |     4 |    10 ||    24
 Stab: Sleeping          |     6 |    11 |    18 |    14 ||    49
       Distracted        |     1 |       |     1 |     1 ||     3
       Confused          |       |       |       |    15 ||    15
  Eat: Chunk             |     1 |     3 |     5 |    11 ||    20
       Pizza             |     1 |       |     1 |     1 ||     3
       Beef jerky        |       |     1 |     2 |     1 ||     4
       Bread ration      |       |     1 |       |       ||     1
       Meat ration       |       |       |     1 |       ||     1
